 Dungeon Crawl Stone Soup version 0.19.3-4-gbf9329e (webtiles) character file.

33 Alarkh the Chopper (level 3, 27/27 HPs)
             Began as a Demonspawn Skald on Jan 28, 2017.
             Got out of the dungeon alive.
             The game lasted 00:00:47 (781 turns).

Alarkh the Chopper (Demonspawn Skald)                Turns: 781, Time: 00:00:48

Health: 27/27      AC:  4    Str: 12    XL:     3   Next: 12%
Magic:  6/6        EV: 11    Int: 14    God:
Gold:   24         SH:  0    Dex: 14    Spells: 1 memorised, 5 levels left

rFire  . . .     SeeInvis .     a - +0 hand axe
rCold  . . .     Gourm    .     b - +0 leather armour
rNeg   . . .     Faith    .     (no shield)
rPois  .         Spirit   .     (no helmet)
rElec  .         Reflect  .     (no cloak)
rCorr  .         Harm     .     g - +0 pair of gloves
MR     .....                    (no boots)
Stlth  +.........               (no amulet)
                                (no ring)
                                e - +2 ring of dexterity

@: no status effects
A: hooves 1, spiny 1
a: no special abilities


You escaped.
You were not hungry.

You visited 1 branch of the dungeon, and saw 1 of its levels.

You collected 24 gold pieces.

Inventory:

Hand Weapons
 a - a +0 hand axe (weapon)
Armour
 b - a +0 leather armour (worn)
 g - a +0 pair of gloves (worn)
Jewellery
 e - a +2 ring of dexterity (left hand)
Scrolls
 f - 3 scrolls of identify {unknown}
 k - a scroll of blinking {unknown}
 l - a scroll of amnesia {unknown}
Potions
 i - a potion of berserk rage {unknown}
 j - a potion of brilliance {unknown}
Books
 c - a book of Battle

   Spells                             Type                      Level
   a - Infusion                       Charms                       1
   b - Shroud of Golubria             Charms/Translocation         2
   c - Song of Slaying                Charms                       2
   d - Spectral Weapon                Hexes/Charms                 3
   e - Regeneration                   Charms/Necromancy            3
Comestibles
 d - 2 bread rations
 h - a chunk of flesh


   Skills:
 - Level 2.0 Fighting
 + Level 3.2 Axes
 - Level 0.8 Armour
 - Level 0.8 Dodging
 - Level 2.0 Spellcasting
 - Level 2.6 Charms


You had 5 spell levels left.
You knew the following spells:

 Your Spells              Type           Power        Failure   Level  Hunger
a - Infusion              Chrm           #...         12%         1    ##.....


Dungeon Overview and Level Annotations

Branches:
Dungeon (1/15)

Altars:
Ashenzari


Innate Abilities, Weirdness & Mutations

You have large cloven feet.
You are partially covered in sharp spines.


Message History

Increase (S)trength, (I)ntelligence, or (D)exterity?
You feel clever.
Your demonic ancestry asserts itself...
Your feet thicken and deform.
You butcher the adder corpse.
h - 2 chunks of flesh (gained 1)
You feel sick.
You feel sick.
You feel sick.
You feel sick.
There is an open gate here.
You feel sick.
You are no longer poisoned.
There is an open gate here.
Some of the chunks of flesh in your inventory have rotted away.
Done exploring.
Done exploring.
There is an open gate here.
There is a staircase leading out of the dungeon here.
Are you sure you want to leave the Dungeon?
This will make you lose the game!
You have escaped!

♣♣..# ##....###.
♣♣...# #.......#.
♣....# #.....###.
♣♣....## #...###.##
♣......###.###....#
♣.......##.......##
♣.8..8..8#.......#.
♣♣........'......##.
♣..@......'......#..
♣♣........'......#.)
♣.8..8..8#.#######.
♣♣......##.# #.
♣.....###.#######.
♣♣...## #........(
♣...# #####.....
♣...# #..... ♣...#
#.....


There were no monsters in sight!

Vanquished Creatures
  An adder (D:1)
  3 dart slugs (D:1)
  A leopard gecko (D:1)
  A bat (D:1)
  A goblin (D:1)
  3 hobgoblins (D:1)
  6 kobolds (D:1)
  2 rats (D:1)
18 creatures vanquished.

Notes
Turn   | Place    | Note
-------+----------+-------------------------------------------
     0 | D:1      | Alarkh the Demonspawn Skald began the quest for the Orb.
     0 | D:1      | Reached XP level 1. HP: 16/16 MP: 3/3
    28 | D:1      | Reached skill level 2 in Axes
    49 | D:1      | Found a shattered altar of Ashenzari.
    81 | D:1      | Gained mutation: You are partially covered in sharp spines. [demonic ancestry]
    81 | D:1      | Reached XP level 2. HP: 22/22 MP: 5/5
   535 | D:1      | Reached skill level 3 in Axes
   643 | D:1      | Gained mutation: You have large cloven feet. [demonic ancestry]
   643 | D:1      | Reached XP level 3. HP: 23/27 MP: 6/6
   781 | D:$      | Got out of the dungeon alive.

Skill      XL: |  1  2 |
---------------+-------+-----
Axes           | 2 3 |  3.2
Fighting       | |  2.0
Armour         | |  0.8
Dodging        | |  0.8
Spellcasting   | |  2.0
Charms         | |  2.6

Action                   || total
-------------------------++-------
Melee: Hand axe          ||    43
Armor: Leather armour    ||    10
Dodge: Dodged            ||    27
